Map: Lightshade LE

Players

PaRaGoNPasT - Winner!

  • Race: Zerg Zerg
  • League: Master
  • Spawn Location: 5:00

A.I. 1 (Elite)

  • Race: Terran Terran
  • Spawn Location: 11:00

VOD

Have the link to the VOD?

Description

Time

  • Played on: Jan. 24, 2021, 5:59 p.m.
  • Length: 6:28
Show
View Real Time Build Order
Export as new Build Order

PaRaGoNPasT Zerg - Winner!

Build Orders: Hatch First 

Get SALT Encoding   

  12  0:00  Drone  
  13  0:13  Overlord  
  13  0:18  Drone  
  14  0:31  Drone x2  
  16  0:48  Hatchery  
  15  0:52  Drone  
  15  0:55  Drone  
  17  1:00  Drone  
  18  1:08  Extractor  
  17  1:14  Spawning Pool  
  17  1:17  Drone  
  17  1:20  Drone  
  18  1:28  Drone  
  19  1:39  Overlord  
  19  1:51  Drone  
  20  2:01  Queen x2  
  20  2:02  Zergling x4  
  26  2:12  Metabolic Boost  
  26  2:14  Drone x2  
  28  2:22  Drone x2  
  30  2:36  Queen  
  30  2:37  Queen  
  30  2:42  Overlord  
  34  2:44  Overlord  
  34  2:59  Hatchery  
  34  3:04  Drone x2  
  35  3:05  Drone  
  35  3:08  Drone  
  35  3:10  Drone  
  38  3:13  Drone  
  38  3:16  Drone  
  38  3:17  Drone  
  41  3:22  Drone x2  
  41  3:26  Extractor  
  43  3:27  Drone  
  43  3:34  Roach Warren  
  43  3:40  Overlord x2  
  42  4:14  Roach  
  42  4:15  Roach x8  
  42  4:17  Roach x2  
  64  4:22  Overlord  
  64  4:29  Zergling x10  
  69  4:34  Zergling x2  
  70  4:40  Spore Crawler  
  70  4:41  Spore Crawler  
  70  4:45  Zergling x6  
  71  4:47  Zergling x2  
  71  4:49  Zergling x2  
  73  4:54  Zergling x8  
  73  4:56  Zergling x2  
  78  5:01  Overlord  
  78  5:06  Ravager x3  
  81  5:08  Zergling x2  
  82  5:15  Zergling x2  
  82  5:16  Zergling x2  
  82  5:20  Zergling x2  
  78  5:22  Zergling x4  
  78  5:24  Zergling x2  
  78  5:25  Zergling x2  
  78  5:26  Zergling x2  
  78  5:28  Zergling x2  
  84  5:33  Ravager  
  84  5:34  Ravager  
  84  5:35  Zergling x4  
  87  5:37  Zergling x4  
  87  5:38  Zergling x2  
  87  5:42  Zergling x4  
  88  5:48  Zergling x4  
  83  5:50  Zergling x2  
  83  5:51  Zergling x2  
  83  5:53  Zergling x2  
  84  5:59  Zergling x4  
Show
View Real Time Build Order
Export as new Build Order

A.I. 1 (Elite) Terran 

Build Orders:  

Get SALT Encoding   

  12  0:00  SCV  
  13  0:13  SCV  
  14  0:18  Supply Depot  
  14  0:25  SCV  
  15  0:40  SCV  
  15  0:42  Barracks  
  16  0:52  SCV  
  17  1:04  SCV  
  18  1:16  SCV  
  19  1:19  Command Center  
  19  1:32  Marine  
  20  1:33  Orbital Command  
  20  1:45  Supply Depot  
  20  1:49  Marine  
  20  1:50  Refinery  
  21  1:58  SCV  
  22  2:07  Marine  
  23  2:09  Barracks  
  23  2:10  SCV  
  23  2:15  Refinery  
  25  2:22  SCV  
  25  2:25  Marine  
  25  2:29  Supply Depot  
  26  2:34  SCV  
  26  2:35  SCV  
  27  2:47  Orbital Command  
  27  2:51  Marine  
  27  2:54  SCV  
  29  3:07  Factory, SCV  
  29  3:11  Marine  
  29  3:12  Marine  
  32  3:16  SCV  
  32  3:19  SCV  
  33  3:28  SCV  
  33  3:29  Marine x2  
  33  3:31  SCV  
  37  3:38  Barracks  
  37  3:40  SCV  
  38  3:43  SCV  
  38  3:47  Barracks Tech Lab  
  39  3:48  Barracks Tech Lab  
  39  3:52  SCV  
  39  3:54  Factory Tech Lab, Starport  
  40  3:55  SCV  
  41  4:04  Marine  
  41  4:05  SCV  
  41  4:06  Marine  
  41  4:07  SCV, Stimpack  
  45  4:11  Combat Shield  
  45  4:17  Supply Depot, SCV  
  46  4:22  SCV  
  47  4:26  Marine  
  47  4:27  Marine  
  47  4:29  SCV, Marine  
  51  4:34  SCV  
  51  4:36  Supply Depot  
  52  4:39  Medivac  
  52  4:41  SCV  
  55  4:46  SCV  
  55  4:47  Siege Tank  
  55  4:50  Marine  
  55  4:52  Supply Depot, Marine  
  61  4:53  SCV  
  61  4:57  Marine  
  61  4:58  SCV  
  64  5:03  Supply Depot  
  64  5:05  SCV  
  65  5:09  Marauder  
  65  5:10  Refinery, SCV  
  65  5:11  Marauder  
  68  5:17  Refinery, SCV, Marine  
  58  5:22  SCV  
  57  5:29  SCV  
  57  5:30  Marauder  
  57  5:32  Marauder  
  57  5:34  SCV, Marine  
  55  5:41  SCV  
  54  5:46  SCV  
  39  5:51  Marine  
  39  5:52  Marine  
  39  5:53  SCV, Marine  
  33  6:09  Marine  
Tags
 
League
Master
Matchup
TvZ
Spawn Locations
Cross Positions
Add a new tag
Caveats
  • Supply blocks, unpowered buildings, or Contaminate may cause inaccurate times.
  • Supply counts are checked every 10 seconds.